 Dungeon Crawl Stone Soup version 0.29.1-2-gbd0b4ee654 (webtiles) character file.

Game seed: 4562586008855783655

18 qeuew the Ruffian (level 2, 26/26 HPs)
             Began as a Ghoul Monk on Nov 7, 2022.
             Quit the game on level 1 of the Dungeon.
             The game lasted 00:01:30 (776 turns).

qeuew the Ruffian (Ghoul Monk)                       Turns: 776, Time: 00:01:31

Health: 26/26      AC:  5    Str: 14    XL:     2   Next: 70%
Magic:  1/1        EV: 11    Int:  5    God:
Gold:   26         SH:  0    Dex: 11    Spells: 1/1 levels left

rFire   . . .      SeeInvis .     - Unarmed
rCold   + . .      Faith    .   (no shield)
rNeg    + + +      Spirit   .   c - +0 ring mail
rPois   ∞          Reflect  .   (no helmet)
rElec   .          Harm     .   (no cloak)
rCorr   .          Rampage  .   (no gloves)
Will    .....                   (no boots)
Stlth   +.........              (no amulet)
HPRegen 0.08/turn               (no ring)
MPRegen 0.07/turn               (no ring)

@: no status effects
A: claws 1, cold resistance 1, negative energy resistance 3, inhibited
regeneration, torment resistance 2, devour on kill
a: no special abilities


You were on level 1 of the Dungeon.
You visited 1 branch of the dungeon, and saw 1 of its levels.

You collected 26 gold pieces.

Inventory:

Armour
 c - a +0 ring mail (worn)
Scrolls
 d - a scroll of blinking {unknown}
 e - a scroll of identify {unknown}
Potions
 a - 2 potions of invisibility {unknown}
 b - a potion of ambrosia


   Skills:
 + Level 3.6 Fighting
 + Level 0.7 Armour
 + Level 2.9 Dodging
 - Level 2.1 Stealth
 + Level 3.6 Unarmed Combat


You had one spell level left.
You didn't know any spells.
Your spell library contained the following spells:

 Spells                   Type           Power      Damage    Failure   Level
 Apportation              Tloc           0%         N/A       73%         1
 Necrotise                Necr           0%         1d4       73%         1
 Summon Small Mammal      Summ           0%         N/A       73%         1
 Vampiric Draining        Necr           0%         2d6       97%         3
 Agony                    Necr           0%         N/A       100%        5


Dungeon Overview and Level Annotations

Branches:
Dungeon (1/15)

Altars:


Innate Abilities, Weirdness & Mutations

You are immune to poison.
You have sharp fingernails.
Your flesh is cold resistant. (rC+)
You are immune to negative energy. (rN+++)
You do not regenerate when monsters are visible.
You are immune to unholy pain and torment.
You thrive by killing the living.


Message History

The quokka is moderately wounded.
The quokka closely misses you.
You barely miss the quokka.
The quokka is moderately wounded.
The quokka bites you but does no damage.
You scratch the quokka but do no damage.
The quokka is moderately wounded.
The quokka bites you.
You scratch the quokka.
You kill the quokka!
No target in view!
No target in view!
A kobold is nearby!
A kobold is nearby!
A kobold is nearby!
A kobold is nearby!
You scratch the kobold.
The kobold is heavily wounded.
You closely miss the kobold.
The kobold is heavily wounded.
The kobold hits you but does no damage.
You barely miss the kobold.
The kobold is heavily wounded.
The kobold hits you with a +0 club.
You scratch the kobold.
The kobold is severely wounded.
The kobold closely misses you.
You scratch the kobold.
You kill the kobold!
No target in view!
No target in view!
No target in view!
No target in view!
You now have 26 gold pieces (gained 10).
Things that are here:
a +0 club; 2 stones; a kobold corpse
Found a rapier.
You see here a +0 rapier.
Found a leather armour.
Are you sure you want to abandon this character and quit the game? (Confirm with "yes".)

#.# #.# #.# #.#
#.## # #... #.
#.## #.#### #.#
#.@.# #.# #.##.#
#.# [. #)# #.# #.#
#.############.# #
#.........##...#
#########.##.###
###...####.##.#
#.............#
#..).≈≈≈≈≈≈≈..####


There were no monsters in sight!

Vanquished Creatures
  A ball python (D:1)
  2 giant cockroaches (D:1)
  3 goblins (D:1)
  3 hobgoblins (D:1)
  A kobold (D:1)
  A quokka (D:1)
  3 bats (D:1)
  A frilled lizard (D:1)
  A rat (D:1)
16 creatures vanquished.

Notes
Turn   | Place    | Note
-------+----------+-------------------------------------------
     0 | D:1      | qeuew the Ghoul Monk began the quest for the Orb.
     0 | D:1      | Reached XP level 1. HP: 19/19 MP: 0/0
   300 | D:1      | Reached XP level 2. HP: 24/26 MP: 1/1
   776 | D:1      | Quit the game

Illustrated notes

Levels and vault maps discovered:
D:1:      ebering_hopf_link, layout_loops_ring

Action                   || total
-------------------------++-------
Melee: Unarmed           ||    43
       Punch             ||     1
Armor: Ring mail         ||    13
       Robe              ||     1
Dodge: Dodged            ||    17
